 Dungeon Crawl Stone Soup version 0.17.1-3-g152610e (webtiles) character file.

5270 Gargoyl the Covered (level 10, -1/118 HPs)
             Began as a Demonspawn Abyssal Knight on Mar 6, 2016.
             Was an Elder of Lugonu.
             Killed by a spatial distortion (3 damage)
             ... on level 9 of the Dungeon.
             The game lasted 00:27:51 (12598 turns).

Gargoyl the Covered (Demonspawn Abyssal Knight)    Turns: 12598, Time: 00:27:51

Health: -1/118     AC: 25    Str: 20    XL:     10   Next: 36%
Magic:  12/13      EV:  2    Int: 15    God:    Lugonu [****..]
Gold:   277        SH:  5    Dex: 17    Spells: 0 memorised, 9 levels left

rFire  . . .     SeeInvis .     a - +0 broad axe
rCold  . . .     Clarity  .     (armour currently unavailable)
rNeg   + + +     SustAt   .     n - +0 buckler
rPois  +         Gourm    .     (helmet currently unavailable)
rElec  .         Spirit   .     (cloak currently unavailable)
rCorr  .         Warding  .     (gloves currently unavailable)
rMut   .         NoTele   +     (boots currently unavailable)
MR     +....                    (no amulet)
Stlth  ++........               g - +5 ring of dexterity
                                q - +5 ring of strength

@: tree-form, very slightly contaminated, hasted, very quick, somewhat resistant
to hostile enchantments, unstealthy
A: (talons 0), blink, (deformed body), demonic guardian 1, foul stench 1, magic
resistance 1, rot immunity
a: Blink, Depart the Abyss, Bend Space, Banish, Corrupt, Renounce Religion


You were on level 9 of the Dungeon.
You worshipped Lugonu.
Lugonu was greatly pleased with you.
You were not hungry.
You were a tree.
You visited 1 branch of the dungeon, and saw 9 of its levels.
You visited the Abyss 1 time.

You collected 457 gold pieces.
You spent 180 gold pieces at shops.

Inventory:

Hand Weapons
 a - a +0 broad axe (weapon)
 x - a +3 flail of protection
Missiles
 D - 7 tomahawks (quivered)
Armour
 h - a +0 helmet (melded)
 m - a +0 plate armour (melded)
 n - a +0 buckler (worn)
 r - a +0 pair of gloves (melded)
 v - a +2 cloak of magic resistance (melded)
 w - a +0 chain mail
 z - a +2 pair of boots (melded)
Jewellery
 d - an uncursed ring of positive energy
 g - a +5 ring of dexterity (right branch)
 k - an uncursed ring of ice
 q - a +5 ring of strength (left branch)
 A - an uncursed ring of protection from fire
Wands
 i - a wand of random effects (36)
 y - a wand of frost (26)
Scrolls
 b - 4 scrolls of blinking
 e - 2 scrolls of amnesia
 l - 6 scrolls of identify
 p - a scroll of enchant weapon
 u - a scroll of fog
 B - 2 scrolls of fear
 C - 3 scrolls of remove curse
 I - 3 scrolls of magic mapping
 J - 3 scrolls of teleportation
 K - a scroll of brand weapon {unknown}
Potions
 j - a potion of cancellation
 E - a potion of invisibility {unknown}
 F - a potion of magic {unknown}
 H - a potion of lignification
 L - a potion of haste
Books
 s - a book of Maledictions

   Spells                             Type                      Level
   a - Corona                         Hexes                        1
   b - Ensorcelled Hibernation        Hexes/Ice                    2
   c - Confuse                        Hexes                        3
   d - Tukima's Dance                 Hexes                        3
   e - Dazzling Spray                 Conjuration/Hexes            3
 t - a book of Clouds

   Spells                             Type                      Level
   a - Mephitic Cloud                 Conjuration/Poison/Air       3
   b - Conjure Flame                  Conjuration/Fire             3
   c - Poisonous Cloud                Conjuration/Poison/Air       6
   d - Freezing Cloud                 Conjuration/Ice/Air          6
   e - Ring of Flames                 Charms/Fire                  7
Comestibles
 c - a bread ration
 f - a slice of pizza
 o - 6 meat rations
 G - 15 fruits


   Skills:
 + Level 7.5 Fighting
 + Level 7.2(7.3) Axes
 + Level 1.7(4.9) Maces & Flails
 + Level 1.1 Throwing
 + Level 7.8 Armour
 + Level 5.2 Dodging
 + Level 1.3 Stealth
 + Level 2.4 Shields
 + Level 5.0 Invocations


You had 9 spell levels left.
You didn't know any spells.

Dungeon Overview and Level Annotations

Branches:
Dungeon (9/15)             Temple (0/1) D:6            Lair (0/8) D:9
    Orc: D:9-12

Altars:
Ashenzari
Elyvilon
Fedhas
Okawaru
Qazlal
Trog
Vehumet
Yredelemnul

Shops:
D:6 [=   D:8 :

Annotations:
D:6 exclusion: oklob plant


Innate Abilities, Weirdness & Mutations

((You have razor-sharp toenails.))
A weak demonic guardian rushes to your aid.
You may emit foul miasma when damaged in melee.
You are immune to rotting.
You can translocate small distances at will.
((Armour fits poorly on your strangely shaped body.))
You are resistant to hostile enchantments.


Message History

The kobold hits you but does no damage. The kobold hits you with a whip.
* * * LOW HITPOINT WARNING * * *
You block the kobold's attack.
You hear a distant slurping noise.
The kobold hits you but does no damage. The kobold hits you with a whip.
* * * LOW HITPOINT WARNING * * *
Space bends around you!
You blink.
* * * LOW HITPOINT WARNING * * *
You feel slightly more hungry.
Your white imp gestures at the kobold.
The puff of frost hits the kobold.
The kobold dies!
Lugonu accepts your kill.
Found 22 gold pieces.
The two-headed ogre hits your white imp with a giant spiked club! x2
Your white imp dies!
Space bends around you!
You blink.
You die...

###########.#
[# #[###.#.##
#.# .# #.#.#.##
#.# #.# #.#.#.#
#.# .#
#.#.#.#.## #.#
#.# #.#.#.##
#.#
#.#.#.#.#.##
#.###.#.#.###.#
#♣#.#.#.#.#.##
##.#.#.###.##
.#.#.#.#†#.##
.#§###.###(# #
#a#.#.#.#.## #
#$# #.###.## #
#.# #.#.#.#.##
#. #.# #.#
#.###=# #> #.#
#.# #.#§#5## #.


There were no monsters in sight!

Vanquished Creatures
  A hill giant (D:8)
  A manticore (D:9)
  A yaktaur (shapeshifter) (D:9)
  Menkaure (D:5)
  A water moccasin (D:9)
  2 orc warriors (D:8)
  2 ice beasts
  A phantom (D:4)
  3 sky beasts
  2 centaurs
  3 ogres
  2 big kobolds
  5 giant frogs
  2 scorpions
  A wyvern skeleton (D:7)
  4 crimson imps
  3 hounds
  A quasit (D:9)
  A centaur zombie (D:8)
  Crazy Yiuf (D:4)
  2 jellies (D:7)
  3 orc priests
  3 iguanas
  7 orc wizards
  3 worker ants
  2 hound zombies
  A worker ant zombie (D:8)
  3 gnolls (D:5)
  14 adders
  2 shadow imps
  4 oozes
  An adder zombie (D:7)
  4 worms
  An adder skeleton (D:4)
  3 giant geckos
  27 orcs
  3 ball pythons
  10 bats
  3 goblins
  2 hobgoblins
  7 jackals
  8 quokkas
  8 giant cockroaches
  A giant gecko skeleton (D:5)
  A giant gecko zombie (D:7)
  3 giant newts
  19 kobolds
  12 rats
195 creatures vanquished.

Vanquished Creatures (collateral kills)
  An ice beast (D:6)
  A sky beast (D:6)
  A phantom (D:5)
  3 giant frogs
  3 killer bees (D:4)
  A crimson imp (D:5)
  A centaur zombie (D:5)
  An orc priest (D:5)
  A worker ant (D:9)
  A worker ant zombie (D:5)
  3 orcs (D:5)
  A kobold (D:9)
  A ball python (D:4)
19 creatures vanquished.

Vanquished Creatures (others)
  A hill giant (D:5)
  A griffon (D:7)
  A two-headed ogre (D:7)
3 creatures vanquished.

Grand Total: 217 creatures vanquished

Notes
Turn   | Place    | Note
--------------------------------------------------------------
     0 | Abyss:1  | Gargoyl the Demonspawn Abyssal Knight began the quest for the Orb.
     0 | Abyss:1  | Reached XP level 1. HP: 18/18 MP: 2/2
     1 | Abyss:1  | Found a corrupted altar of Lugonu.
    23 | Abyss:1  | Noticed a sixfirhy
    26 | D:1      | Escaped the Abyss
   392 | D:1      | Gained mutation: You are immune to rotting. [demonic ancestry]
   392 | D:1      | Reached XP level 2. HP: 24/24 MP: 4/4
   437 | D:1      | Reached * piety under Lugonu
   488 | D:1      | Reached skill level 1 in Dodging
  1026 | D:2      | Reached XP level 3. HP: 29/29 MP: 5/5
  1949 | D:2      | Reached XP level 4. HP: 29/37 MP: 6/6
  2409 | D:2      | Reached ** piety under Lugonu
  2554 | D:2      | Found a basalt altar of Yredelemnul.
  2867 | D:3      | Reached skill level 4 in Fighting
  2867 | D:3      | Gained mutation: You have sharp toenails. [demonic ancestry]
  2867 | D:3      | Reached XP level 5. HP: 30/42 MP: 7/7
  2868 | D:3      | Found a radiant altar of Vehumet.
  3792 | D:3      | Reached *** piety under Lugonu
  4189 | D:4      | Noticed Crazy Yiuf
  4195 | D:4      | Paralysed by Crazy Yiuf for 2 turns
  4200 | D:4      | Killed Crazy Yiuf
  4200 | D:4      | Gained mutation: A weak demonic guardian rushes to your aid. [demonic ancestry]
  4200 | D:4      | Reached XP level 6. HP: 13/48 MP: 8/8
  4399 | D:4      | Found a white marble altar of Elyvilon.
  4976 | D:4      | Reached XP level 7. HP: 53/55 MP: 9/9
  5303 | D:5      | Entered Level 5 of the Dungeon
  5628 | D:5      | Found a stormy altar of Qazlal.
  5630 | D:5      | Noticed an air elemental
  5631 | D:5      | Noticed a water elemental
  5631 | D:5      | Noticed a fire elemental
  5682 | D:5      | Noticed Menkaure
  5692 | D:5      | Killed Menkaure
  5775 | D:5      | Noticed a hill giant
  5775 | D:5      | Banished a hill giant
  5775 | D:5      | Reached skill level 5 in Fighting
  5938 | D:5      | Reached skill level 5 in Armour
  6126 | D:5      | Gained mutation: You have razor-sharp toenails. [demonic ancestry]
  6126 | D:5      | Reached XP level 8. HP: 19/62 MP: 10/10
  6508 | D:5      | Reached **** piety under Lugonu
  6535 | D:5      | Gained mutation: Armour fits poorly on your strangely shaped body. [mutagenic meat]
  6536 | D:5      | Gained mutation: Your body sometimes deteriorates upon taking damage. [mutagenic meat]
  6537 | D:5      | Gained mutation: You can spit weak poison. [mutagenic meat]
  6538 | D:5      | Gained mutation: You are resistant to hostile enchantments. [mutagenic meat]
  6540 | D:5      | Gained mutation: You can translocate small distances at will. [mutagenic meat]
  6749 | D:6      | Reached skill level 1 in Stealth
  6869 | D:6      | Reached skill level 5 in Axes
  7110 | D:6      | Found Tafeif's Antique Armour Boutique.
  7156 | D:6      | Found Vubb's Jewellery Shop.
  7174 | D:6      | Gained mutation: Your spells are a little easier to cast, but a little less powerful. [mutagenic meat]
  7175 | D:6      | Gained mutation: Your body often deteriorates upon taking damage. [mutagenic meat]
  7176 | D:6      | Lost mutation: Your body often deteriorates upon taking damage. [mutagenic meat]
  7179 | D:6      | Lost mutation: Your spells are a little easier to cast, but a little less powerful. [potion of cure mutation]
  7179 | D:6      | Lost mutation: Your body sometimes deteriorates upon taking damage. [potion of cure mutation]
  7179 | D:6      | Lost mutation: You can spit weak poison. [potion of cure mutation]
  7208 | D:6      | Bought a helmet for 90 gold pieces
  7212 | D:6      | Bought a buckler for 90 gold pieces
  7455 | D:6      | Found a blossoming altar of Fedhas.
  7467 | D:6      | Noticed an oklob plant
  7546 | D:6      | Found a staircase to the Ecumenical Temple.
  7560 | D:6      | Reached skill level 6 in Fighting
  8332 | D:7      | Reached XP level 9. HP: 16/69 MP: 11/11
  8647 | D:7      | Found an iron altar of Okawaru.
  8648 | D:7      | Found a bloodstained altar of Trog.
  8870 | D:7      | Noticed a griffon
  8902 | D:7      | Banished a griffon
  9598 | D:7      | Reached skill level 1 in Shields
 10104 | D:8      | Reached skill level 5 in Dodging
 10104 | D:8      | Reached skill level 5 in Invocations
 10526 | D:8      | Found a stormy altar of Qazlal.
 10577 | D:8      | Reached skill level 1 in Throwing
 10577 | D:8      | Reached skill level 7 in Armour
 10827 | D:8      | Found Cepninir's Book Boutique.
 10850 | D:8      | Found a shattered altar of Ashenzari.
 11063 | D:8      | Noticed a hill giant
 11079 | D:8      | Killed a hill giant
 11079 | D:8      | Reached skill level 1 in Maces & Flails
 11539 | D:8      | Gained mutation: You may emit foul miasma when damaged in melee. [demonic ancestry]
 11539 | D:8      | Reached XP level 10. HP: 61/79 MP: 13/13
 12144 | D:9      | Found a staircase to the Lair.
 12234 | D:9      | Found a blossoming altar of Fedhas.
 12553 | D:9      | Noticed a manticore
 12558 | D:9      | Noticed a salamander
 12564 | D:9      | Killed a manticore
 12570 | D:9      | a salamander changed into a yaktaur
 12578 | D:9      | HP: 3/118 [kobold/whip of electrocution (10)]
 12589 | D:9      | HP: 4/118 [kobold/whip (2)]
 12594 | D:9      | HP: 1/118 [spatial distortion (1)]
 12598 | D:9      | Killed by a spatial distortion

Action                   |  1- 3 |  4- 6 |  7- 9 | 10-12 || total
-------------------------+-------+-------+-------+-------++-------
Melee: Hand axe          |   122 |   258 |   451 |       ||   831
       Broad axe         |       |       |    52 |   125 ||   177
       Flail             |       |       |    41 |       ||    41
Throw: Tomahawk          |       |       |    15 |       ||    15
Invok: Depart the Abyss  |     1 |       |       |       ||     1
       Banish            |       |       |     6 |       ||     6
       Bend Space        |       |       |       |     1 ||     1
 Abil: Blink             |       |       |     1 |       ||     1
  Use: Potion            |       |     4 |     9 |     2 ||    15
       Scroll            |       |     8 |    10 |     1 ||    19
 Stab: Distracted        |       |       |     1 |       ||     1
  Eat: Chunk             |     3 |    10 |    18 |       ||    31
       Fruit             |       |     1 |       |       ||     1
       Bread ration      |       |       |     2 |     1 ||     3
       Beef jerky        |       |       |     3 |       ||     3
       Pizza             |       |       |     1 |       ||     1
